TOP OF THE 1ST |
Bemidji Benders batting - Pitching for Plumstead Eagles : RHP Manny Ramos
|
Pitching: RHP Manny Ramos
|
|
Batting: LHB Simão Polido
|
0-0: Foul Ball, location: 2F 0-1: Ball 1-1: Ball 2-1: Fly out, F5 (Line Drive, 5S)
|
Batting: SHB Jorge Aguilar
|
0-0: Called Strike 0-1: Foul Ball, location: 2F 0-2: Strikes out swinging
|
Batting: RHB Sandro Hernández
|
0-0: Called Strike 0-1: Called Strike 0-2: Ball 1-2: Ball 2-2: Strikes out swinging
|
Top of the 1st over - 0 run(s), 0 hit(s), 0 error(s), 0 left on base; Bemidji 0 - Plumstead 0 |
BOTTOM OF THE 1ST |
Plumstead Eagles batting - Pitching for Bemidji Benders : RHP Paço Boda
|
Pitching: RHP Paço Boda
|
|
Batting: RHB Pablo Villarreal
|
0-0: Called Strike 0-1: Ball 1-1: Fly out, F7 (Flyball, 7S)
|
Batting: RHB José Moreno
|
0-0: Ball 1-0: Foul Ball, location: 2F 1-1: Ball 2-1: Ball 3-1: Fly out, F8 (Flyball, 8RM)
|
Batting: LHB António Salazar
|
0-0: Called Strike 0-1: Ball 1-1: Foul Ball, location: 2F 1-2: Ball 2-2: Foul Ball, location: 2F 2-2: Fly out, F7 (Line Drive, 78M)
|
Bottom of the 1st over - 0 run(s), 0 hit(s), 0 error(s), 0 left on base; Bemidji 0 - Plumstead 0 |
TOP OF THE 2ND |
Bemidji Benders batting - Pitching for Plumstead Eagles : RHP Manny Ramos
|
Batting: LHB Pat Carroll
|
0-0: Ball 1-0: Foul Ball, location: 2F 1-1: Ground out 6-3 (Groundball, 6)
|
Batting: RHB Robert Rose
|
0-0: Ground out 6-3 (Groundball, 56)
|
Batting: RHB Roberto Villela
|
0-0: Swinging Strike 0-1: Swinging Strike 0-2: Strikes out swinging, 2-3 out at first.
|
Top of the 2nd over - 0 run(s), 0 hit(s), 0 error(s), 0 left on base; Bemidji 0 - Plumstead 0 |
BOTTOM OF THE 2ND |
Plumstead Eagles batting - Pitching for Bemidji Benders : RHP Paço Boda
|
Batting: RHB Jeff Townsley
|
0-0: Foul Ball, location: 2F 0-1: Foul Ball, location: 2F 0-2: Foul Ball, location: 2F 0-2: Ball 1-2: Ground out 6-3 (Groundball, 6)
|
Batting: RHB Juan Caceres
|
0-0: Ball 1-0: Called Strike 1-1: Fly out, F7 (Flyball, 78M)
|
Batting: LHB Víctor Peña
|
0-0: Ball 1-0: Swinging Strike 1-1: Foul Ball, location: 2F 1-2: Ball 2-2: Foul Ball, location: 2F 2-2: Foul Ball, location: 2F 2-2: Strikes out looking
|
Bottom of the 2nd over - 0 run(s), 0 hit(s), 0 error(s), 0 left on base; Bemidji 0 - Plumstead 0 |
TOP OF THE 3RD |
Bemidji Benders batting - Pitching for Plumstead Eagles : RHP Manny Ramos
|
Batting: SHB Gary Williams
|
0-0: Called Strike 0-1: Swinging Strike 0-2: Strikes out swinging
|
Batting: RHB Phil Moore
|
0-0: Ground out 4-3 (Groundball, 4)
|
Batting: RHB John Jones
|
0-0: Ball 1-0: Ball 2-0: Ball 3-0: Base on Balls
|
Batting: LHB Simão Polido
|
0-0: Foul Ball, location: 2F 0-1: Foul Ball, location: 2F 0-2: Ball 1-2: Ball John Jones steals 2nd base 2-2: Ball 3-2: Strikes out looking
|
Top of the 3rd over - 0 run(s), 0 hit(s), 0 error(s), 1 left on base; Bemidji 0 - Plumstead 0 |
BOTTOM OF THE 3RD |
Plumstead Eagles batting - Pitching for Bemidji Benders : RHP Paço Boda
|
Batting: RHB Kolomon Meise
|
0-0: Swinging Strike 0-1: SINGLE (Flyball, 89S)
|
Batting: RHB Carlos Palomón
|
0-0: Ball 1-0: Ball 2-0: Foul Ball, location: 2F 2-1: SINGLE (Groundball, 56D) Kolomon Meise to second
|
Batting: SHB Arturo Sánchez
|
0-0: Foul Ball, location: 2F 0-1: Ball 1-1: Swinging Strike 1-2: Fly out, F8 (Flyball, 8LS)
|
Batting: RHB Pablo Villarreal
|
0-0: Called Strike 0-1: Ball 1-1: Ball 2-1: SINGLE (Line Drive, 7S) Kolomon Meise to third Carlos Palomón to second Runner from 3rd tries for Home, SAFE, throw made home Carlos Palomón to third Pablo Villarreal to second
|
Batting: RHB José Moreno
|
0-0: Called Strike 0-1: Fly out, F8 (Flyball, 89M) Runner from 3rd tags up, SCORES, no throw
|
Batting: LHB António Salazar
|
0-0: Foul Ball, location: 2F 0-1: Swinging Strike 0-2: Ball 1-2: DOUBLE (Flyball, 78D) Pablo Villarreal scores
|
Batting: RHB Jeff Townsley
|
0-0: Ball 1-0: Foul Ball, location: 2F 1-1: Foul Ball, location: 2F 1-2: Ball 2-2: Foul Ball, location: 2F 2-2: Ground out 5-3 (Groundball, 56)
|
Bottom of the 3rd over - 3 run(s), 4 hit(s), 0 error(s), 1 left on base; Bemidji 0 - Plumstead 3 |
TOP OF THE 4TH |
Bemidji Benders batting - Pitching for Plumstead Eagles : RHP Manny Ramos
|
Batting: SHB Jorge Aguilar
|
0-0: SINGLE (Line Drive, 4MD)
|
Batting: RHB Sandro Hernández
|
0-0: Called Strike 0-1: Called Strike 0-2: Ball 1-2: Ball 2-2: Ball 3-2: Ground out 5-3 (Groundball, 5S) Jorge Aguilar to second
|
Pitching: LHP Pat Bruce
|
|
Batting: LHB Pat Carroll
|
0-0: Called Strike 0-1: Swinging Strike 0-2: Ball 1-2: Strikes out looking
|
Batting: RHB Robert Rose
|
0-0: Ball 1-0: Foul Ball, location: 2F 1-1: Fly out, F8 (Line Drive, 8RM)
|
Top of the 4th over - 0 run(s), 1 hit(s), 0 error(s), 1 left on base; Bemidji 0 - Plumstead 3 |
BOTTOM OF THE 4TH |
Plumstead Eagles batting - Pitching for Bemidji Benders : RHP Paço Boda
|
Batting: RHB Juan Caceres
|
0-0: Called Strike 0-1: SINGLE (Line Drive, 56D)
|
Batting: LHB Víctor Peña
|
0-0: Called Strike 0-1: Swinging Strike 0-2: Fielders Choice at 2nd, 4-6 (Groundball, 4)
|
Batting: RHB Kolomon Meise
|
0-0: Called Strike 0-1: Ball 1-1: SINGLE (Groundball, 3D) Víctor Peña to second Runner from 2nd tries for 3rd, SAFE, no throw
|
Batting: RHB Carlos Palomón
|
0-0: Ball 1-0: Swinging Strike 1-1: Foul Ball, location: 2F 1-2: Strikes out swinging
|
Batting: SHB Arturo Sánchez
|
0-0: Ball 1-0: Fly out, F6 (Line Drive, 6D)
|
Bottom of the 4th over - 0 run(s), 2 hit(s), 0 error(s), 2 left on base; Bemidji 0 - Plumstead 3 |
TOP OF THE 5TH |
Bemidji Benders batting - Pitching for Plumstead Eagles : LHP Pat Bruce
|
Batting: RHB Roberto Villela
|
0-0: Called Strike 0-1: Ball 1-1: Ground out 6-3 (Groundball, 6)
|
Batting: SHB Gary Williams
|
0-0: Ball 1-0: Ball 2-0: Called Strike 2-1: Foul Ball, location: 2F 2-2: Strikes out swinging
|
Batting: RHB Phil Moore
|
0-0: Ball 1-0: Swinging Strike 1-1: Foul Ball, location: 2F 1-2: Ball 2-2: Strikes out swinging
|
Top of the 5th over - 0 run(s), 0 hit(s), 0 error(s), 0 left on base; Bemidji 0 - Plumstead 3 |
BOTTOM OF THE 5TH |
Plumstead Eagles batting - Pitching for Bemidji Benders : RHP Paço Boda
|
Batting: RHB Pablo Villarreal
|
0-0: Called Strike 0-1: Foul Ball, location: 2F 0-2: Strikes out swinging
|
Batting: RHB José Moreno
|
0-0: Swinging Strike 0-1: Swinging Strike 0-2: Strikes out swinging
|
Batting: LHB António Salazar
|
0-0: Ball 1-0: Fly out, F9 (Flyball, 9D)
|
Bottom of the 5th over - 0 run(s), 0 hit(s), 0 error(s), 0 left on base; Bemidji 0 - Plumstead 3 |
TOP OF THE 6TH |
Bemidji Benders batting - Pitching for Plumstead Eagles : LHP Pat Bruce
|
Batting: RHB John Jones
|
0-0: Ball 1-0: Foul Ball, location: 2F 1-1: Called Strike 1-2: Foul Ball, location: 2F 1-2: Foul Ball, location: 2F 1-2: SINGLE (Line Drive, 78S)
|
Batting: LHB Simão Polido
|
0-0: Ball 1-0: Fly out, F7 (Flyball, 7S)
|
Batting: SHB Jorge Aguilar
|
0-0: Ball 1-0: Swinging Strike 1-1: Called Strike 1-2: Ball 2-2: Strikes out swinging
|
Batting: RHB Sandro Hernández
|
0-0: Ball 1-0: Ball 2-0: Fielders Choice at 2nd, 4-6 (Groundball, 4)
|
Top of the 6th over - 0 run(s), 1 hit(s), 0 error(s), 0 left on base; Bemidji 0 - Plumstead 3 |
BOTTOM OF THE 6TH |
Plumstead Eagles batting - Pitching for Bemidji Benders : RHP Paço Boda
|
Batting: RHB Jeff Townsley
|
0-0: Foul Ball, location: 2F 0-1: Ball 1-1: Ball 2-1: Ball 3-1: Foul Ball, location: 2F 3-2: SINGLE (Groundball, 6MS) (infield hit)
|
Batting: RHB Juan Caceres
|
0-0: Ball 1-0: Ball 2-0: Ball 3-0: Called Strike 3-1: Foul Ball, location: 2F 3-2: Base on Balls Jeff Townsley to second
|
Pitching: LHP Pedro González
|
|
Batting: LHB Víctor Peña
|
0-0: Ball 1-0: Fielders Choice at 2nd, 4-6 (Groundball, 34) Jeff Townsley to third
|
Batting: RHB Kolomon Meise
|
0-0: Ball 1-0: Foul Ball, location: 2F 1-1: Called Strike 1-2: Ball 2-2: SINGLE (Flyball, 7S) Jeff Townsley scores Víctor Peña to second
|
Batting: RHB Carlos Palomón
|
0-0: Called Strike 0-1: Ball Passed Ball! Víctor Peña to third Kolomon Meise to second 1-1: Fly out, F9 (Line Drive, 9LM) Runner from 3rd tags up, SCORES, no throw
|
Batting: SHB Arturo Sánchez
|
0-0: Ball 1-0: Ball 2-0: Called Strike 2-1: Ball 3-1: Called Strike 3-2: DOUBLE (Line Drive, 8RM) Kolomon Meise scores
|
Batting: RHB Pablo Villarreal
|
0-0: Called Strike 0-1: Ball 1-1: Ground out 4-3 (Groundball, 4)
|
Bottom of the 6th over - 3 run(s), 3 hit(s), 0 error(s), 1 left on base; Bemidji 0 - Plumstead 6 |
TOP OF THE 7TH |
Bemidji Benders batting - Pitching for Plumstead Eagles : LHP Pat Bruce
|
Batting: LHB Pat Carroll
|
0-0: Ball 1-0: Foul Ball, location: 2F 1-1: Swinging Strike 1-2: Ball 2-2: Ball 3-2: Foul Ball, location: 2F 3-2: Base on Balls
|
Pitching: LHP Pedro Rosado
|
|
Batting: RHB Robert Rose
|
0-0: Ball 1-0: Ball 2-0: Foul Ball, location: 2F 2-1: Foul Ball, location: 2F 2-2: Strikes out looking
|
Batting: RHB Roberto Villela
|
0-0: Called Strike 0-1: Called Strike 0-2: Ball 1-2: Ball 2-2: Ball 3-2: Strikes out swinging
|
Batting: SHB Gary Williams
|
0-0: Ball 1-0: Called Strike 1-1: Ball 2-1: Foul Ball, location: 2F 2-2: Ball Pat Carroll steals 2nd base 3-2: Foul Ball, location: 2F 3-2: Fly out, F9 (Line Drive, 9)
|
Top of the 7th over - 0 run(s), 0 hit(s), 0 error(s), 1 left on base; Bemidji 0 - Plumstead 6 |
BOTTOM OF THE 7TH |
Plumstead Eagles batting - Pitching for Bemidji Benders : LHP Pedro González
|
Batting: RHB José Moreno
|
0-0: Ball 1-0: Foul Ball, location: 2F 1-1: Ball 2-1: Ball 3-1: Foul Ball, location: 2F 3-2: Base on Balls
|
Batting: LHB António Salazar
|
0-0: SINGLE (Groundball, 34D) José Moreno to second Runner from 2nd tries for 3rd, SAFE, throw made to third
|
Batting: RHB Jeff Townsley
|
0-0: Ball 1-0: Called Strike 1-1: Ball 2-1: Foul Ball, location: 2F 2-2: SINGLE (Groundball, 56D) José Moreno scores António Salazar to second
|
Pitching: LHP Juan Rodríguez
|
|
Batting: RHB Juan Caceres
|
0-0: Fly out, F6 (Popup, 6MD)
|
Batting: LHB Víctor Peña
|
0-0: Fly out, F7 (Flyball, 7S)
|
Batting: RHB Kolomon Meise
|
0-0: Fly out, F8 (Flyball, 8RM)
|
Bottom of the 7th over - 1 run(s), 2 hit(s), 0 error(s), 2 left on base; Bemidji 0 - Plumstead 7 |
TOP OF THE 8TH |
Bemidji Benders batting - Pitching for Plumstead Eagles : LHP Pedro Rosado
|
Batting: RHB Phil Moore
|
0-0: Fly out, F9 (Flyball, 9LS)
|
Batting: RHB John Jones
|
0-0: Called Strike 0-1: Ball 1-1: Ball 2-1: Called Strike 2-2: Ball 3-2: Strikes out looking
|
Batting: LHB Simão Polido
|
0-0: Called Strike 0-1: Foul Ball, location: 2F 0-2: Ball 1-2: Ball 2-2: Strikes out looking
|
Top of the 8th over - 0 run(s), 0 hit(s), 0 error(s), 0 left on base; Bemidji 0 - Plumstead 7 |
BOTTOM OF THE 8TH |
Plumstead Eagles batting - Pitching for Bemidji Benders : LHP Juan Rodríguez
|
Batting: RHB Carlos Palomón
|
0-0: Ball 1-0: Ball 2-0: Ball 3-0: Base on Balls
|
Batting: SHB Arturo Sánchez
|
|
Pinch Hitting: RHB Rob Brady
|
0-0: Ball 1-0: Called Strike 1-1: Fielders Choice at 2nd, 6-4 (Groundball, 56)
|
Batting: RHB Pablo Villarreal
|
0-0: Ball 1-0: Foul Ball, location: 2F 1-1: Foul Ball, location: 2F 1-2: Fly out, F8 (Flyball, 8LM)
|
Batting: RHB José Moreno
|
0-0: Swinging Strike 0-1: Foul Ball, location: 2F 0-2: Ball 1-2: Ball Wild Pitch! Rob Brady to second 2-2: Ball 3-2: Foul Ball, location: 2F 3-2: Base on Balls
|
Batting: LHB António Salazar
|
0-0: Ball 1-0: Foul Ball, location: 2F 1-1: Swinging Strike 1-2: DOUBLE (Line Drive, 9LM) Rob Brady scores José Moreno to third Runner from 3rd tries for Home, SAFE, no throw
|
Batting: RHB Jeff Townsley
|
0-0: Called Strike 0-1: Called Strike 0-2: Ball 1-2: Foul Ball, location: 2F 1-2: Foul Ball, location: 2F 1-2: Strikes out swinging, 2-3 out at first.
|
Bottom of the 8th over - 2 run(s), 1 hit(s), 0 error(s), 1 left on base; Bemidji 0 - Plumstead 9 |
TOP OF THE 9TH |
Bemidji Benders batting - Pitching for Plumstead Eagles : LHP Pedro Rosado
|
Now at 1B: Wilson Durán
|
|
Now at 3B: Rob Brady
|
|
Batting: SHB Jorge Aguilar
|
0-0: Ball 1-0: Ground out 5-3 (Groundball, 5)
|
Batting: RHB Sandro Hernández
|
0-0: Called Strike 0-1: Called Strike 0-2: Strikes out swinging
|
Batting: LHB Pat Carroll
|
0-0: Ball 1-0: Ball 2-0: Fly out, F9 (Flyball, 9)
|
Top of the 9th over - 0 run(s), 0 hit(s), 0 error(s), 0 left on base; Bemidji 0 - Plumstead 9 |
|